 Dungeon Crawl Stone Soup version 0.28-a0-422-gd71735cc25 (webtiles) character file.

Game seed: 2506808119752925971

655 freelancePsychic the Magician (level 7, -9/53 HPs)
             Began as a Djinni Fire Elementalist on Sept 8, 2021.
             Mangled by an iguana (11 damage)
             ... on level 4 of the Dungeon.
             The game lasted 00:05:32 (3427 turns).

freelancePsychic the Magician (DjFE)                Turns: 3427, Time: 00:05:33

Health: -9/53      AC:  5    Str:  7    XL:     7   Next: 85%
Gold:   125        EV: 12    Int: 19    God:
                   SH:  0    Dex: 15

rFire   + + .      SeeInvis .   g - staff of conjuration
rCold   x . .      Faith    .   (no shield)
rNeg    . . .      Spirit   .   a - +0 robe
rPois   ∞          Reflect  .   (no helmet)
rElec   .          Harm     .   (no cloak)
rCorr   .          Rampage  .   n - +0 pair of gloves
Will    .....                   (boots unavailable)
Stlth   +++.......              (no amulet)
HPRegen 0.17/turn               (no ring)
MPRegen 0.00/turn               (no ring)

@: mighty, flying, unable to read
A: sickness immunity, fire resistance 2, cold vulnerability 1, float, innate
caster, hp casting, extra vitality 1, iridescent scales 1, thin skeletal
structure 1, inability to read while threatened
a: no special abilities


You were on level 4 of the Dungeon.
You visited 1 branch of the dungeon, and saw 4 of its levels.

You collected 125 gold pieces.

Inventory:

Hand Weapons
 f - a +0 dagger
Armour
 a - a +0 robe (worn)
 n - a +0 pair of gloves (worn)
Magical Staves
 g - a staff of conjuration (weapon)
Jewellery
 c - an amulet of faith
 m - a ring of wizardry
Wands
 i - a wand of mindburst (18)
Scrolls
 d - a scroll of vulnerability {unknown}
 h - 2 scrolls of immolation
 j - a scroll of enchant armour
Potions
 l - a potion of degeneration {unknown}


   Skills:
 + Level 4.3 Fighting
 - Level 2.1 Dodging
 - Level 1.5 Stealth
 * Level 5.5 Spellcasting


You couldn't memorise any spells.
You knew the following spells:

 Your Spells              Type           Power      Damage    Failure   Level
a - Foxfire               Conj/Fire      100%       2x1d9     1%          1
b - Scorch                Fire           52%        2d7       1%          2
c - Conjure Flame         Conj/Fire      39%        6-21      3%          3
d - Inner Flame           Hex/Fire       26%        N/A       3%          3
e - Flame Wave            Conj/Fire      39%        3d8       12%         4
f - Magic Dart            Conj           100%       1d8       1%          1
g - Slow                  Hex            26%        N/A       1%          2
h - Mephitic Cloud        Conj/Pois/Air  39%        N/A       3%          3
Your spell library was empty.

Dungeon Overview and Level Annotations

Branches:
Dungeon (4/15)
 Temple: D:4-7

Altars:


Innate Abilities, Weirdness & Mutations

You are immune to sickness and miasma.
You are immune to poison.
Your flesh is very heat resistant. (rF++)
You are vulnerable to cold. (rC-)
You float through the air rather than walking.
You learn spells naturally, not from books.
Your magical power is your life essence.
You have superior vitality. (+4 HP)
You are partially covered in iridescent scales. (AC +2)
You have a somewhat thin skeletal structure. (Dex +2, Stealth+)
You sometimes lose the ability to read scrolls when taking damage.


Message History

The iguana bites you! The goblin misses you.
Casting: Foxfire (safe; 1% risk of failure)
Confirm with . or Enter, or press ? or * to list all spells.
Flames lash the iguana.
The iguana is burned terribly!
The iguana is severely wounded.
The iguana is no longer more vulnerable to fire.
The foxfire hits the iguana.
The iguana is severely wounded.
The foxfire hits the iguana but does no damage.
The iguana is severely wounded.
The iguana bites you.
The goblin hits you from afar with a +0 spear.
Casting: Scorch (safe; 1% risk of failure)
Confirm with . or Enter, or press ? or * to list all spells.
You feel a surge of power!
You conjure some foxfire!
The iguana misses you. The goblin closely misses you.
The foxfire hits the iguana but does no damage.
The iguana is severely wounded.
The foxfire hits the iguana but does no damage.
The iguana is severely wounded.
Casting: Foxfire (safe; 1% risk of failure)
Confirm with . or Enter, or press ? or * to list all spells.
Flames lash the goblin.
You kill the goblin!
The iguana bites you!
* * * LOW HITPOINT WARNING * * *
Okay, then.
Okay, then.
Your magical contamination has completely faded away.
It was a potion of might.
You feel very mighty all of a sudden. The iguana bites you.
* * * LOW HITPOINT WARNING * * *
It was a potion of mutation.
You feel extremely strange.
You lose the ability to read scrolls when threatened.
Your bones become slightly less dense.
Iridescent scales grow over part of your body.
The iguana bites you!
You feel threatened and lose the ability to read scrolls!
You die...

,,,,,,,,,,.#,**#..#
*,,,,,,*,**,*
*********,....##..#
*********,**,
*,........# *,,*,,
*,...§###.# **,**,
**##.** #)# *,,*, #,*
##.## *,**, *,* #...#
**,** *,###...###
******,,,,
*.#.)@lw.)###..>,*****
#$..............,,,,**
#.#.......#.....,,,,,,
#,###...###,....,,,,,,
*,* #...# *,,...,,,,**
*,* ##.## *,,,,,,,,,*
*,***#.#***,,,,,,,,,*
*,,,,...,,,,,,,,,*****
****###********,,,,,,,


You could see an iguana and a dart slug.

Vanquished Creatures
  Grinder (D:4)
  Sigmund (D:2)
  A phantom (D:4)
  A water moccasin skeleton (D:4)
  Terence (D:2)
  5 gnolls
  2 adders
  A worm (D:2)
  A dart slug (D:1)
  2 orcs
  3 endoplasms
  2 giant cockroaches (D:4)
  10 goblins
  6 hobgoblins
  2 jackals (D:1)
  7 kobolds
  5 quokkas
  10 ball pythons
  A bat (D:3)
  3 frilled lizards (D:1)
  12 rats
77 creatures vanquished.

Vanquished Creatures (others)
  251 foxfires
251 creatures vanquished.

Grand Total: 328 creatures vanquished

Notes
Turn   | Place    | Note
-------+----------+-------------------------------------------
     0 | D:1      | freelancePsychic the Djinni Fire Elementalist began the
                  | quest for the Orb.
     0 | D:1      | Reached XP level 1. HP: 15/15 MP: 0/0
   102 | D:1      | Reached XP level 2. HP: 12/22 MP: 0/0
   418 | D:1      | Found a faded altar of an unknown god.
   764 | D:1      | Reached skill level 1 in Fighting
   799 | D:1      | Reached skill level 3 in Spellcasting
   799 | D:1      | Reached XP level 3. HP: 20/27 MP: 0/0
   799 | D:1      | Learned a level 1 spell: Magic Dart
  1455 | D:2      | Reached XP level 4. HP: 26/32 MP: 0/0
  1874 | D:2      | Noticed Sigmund
  1881 | D:2      | Killed Sigmund
  1882 | D:2      | Reached skill level 4 in Spellcasting
  1882 | D:2      | Reached XP level 5. HP: 23/40 MP: 0/0
  1882 | D:2      | Learned a level 2 spell: Slow
  1882 | D:2      | Reached XP level 6. HP: 27/46 MP: 0/0
  2240 | D:2      | Noticed Terence
  2246 | D:2      | Killed Terence
  2424 | D:3      | Identified a scroll of acquirement
  2425 | D:3      | Acquired a staff of conjuration
  3133 | D:4      | Noticed Grinder
  3143 | D:4      | Killed Grinder
  3144 | D:4      | Reached skill level 5 in Spellcasting
  3144 | D:4      | Reached XP level 7. HP: 40/52 MP: 0/0
  3144 | D:4      | Learned a level 3 spell: Mephitic Cloud
  3426 | D:4      | HP: 2/53 [iguana (3)]
  3427 | D:4      | Gained mutation: You sometimes lose the ability to read
                  | scrolls when taking damage. [potion of mutation]
  3427 | D:4      | Gained mutation: You have a somewhat thin skeletal
                  | structure. (Dex +2, Stealth+) [potion of mutation]
  3427 | D:4      | Gained mutation: You are partially covered in iridescent
                  | scales. (AC +2) [potion of mutation]
  3427 | D:4      | Mangled by an iguana

Illustrated notes

Levels and vault maps discovered:
D:1:      sevenhm_arrival_forest_fort_large_2, layout_basic,
          hellmonk_ecumenical_altar_inner_sanctum
D:2:      layout_rooms, minmay_goblin_outpost, uniq_sigmund, uniq_terence
D:3:      layout_loops_ring
D:4:      minmay_angry_zag, layout_loops_ring, nicolae_ossuary_entry_monument,
          uniq_grinder

Skill      XL: |  1  2  3  4  5  6 |
---------------+-------------------+-----
Fighting       | 1 3 4 |  4.3
Spellcasting   | 3 4 5 |  5.5
Dodging        | |  2.1
Stealth        | |  1.5

Action                   |  1- 3 |  4- 6 |  7- 9 || total
-------------------------+-------+-------+-------++-------
Melee: Dagger            |       |     1 |       ||     1
       Staff             |       |     1 |       ||     1
 Cast: Foxfire           |    45 |    80 |    18 ||   143
       Scorch            |     4 |    15 |     7 ||    26
  Use: Scroll            |     1 |     6 |     1 ||     8
       Potion            |       |       |     2 ||     2
Armor: Robe              |     1 |     1 |     1 ||     3
Dodge: Dodged            |     4 |     4 |     3 ||    11

Table legend: (Time is in decaauts)
 A = Elapsed time spent in this place.
 B = Non-inter-level travel time spent in this place.
 C = Inter-level travel time spent in this place.
 D = Time resting spent in this place.
 E = Time spent auto-exploring this place.
 F = Levels seen in this place.
 G = Mean time per level.
                   A        B        C        D        E       F      G
               +--------+--------+--------+--------+--------+-----+--------+
         Total |   3425 |   3298 |    127 |      0 |   2926 |   4 |  856.2 |
       Dungeon |   3425 |   3298 |    127 |      0 |   2926 |   4 |  856.2 |
               +--------+--------+--------+--------+--------+-----+--------+

Top non-repeatable levels by time:
     D:1: 1251 daAuts
     D:2: 1151 daAuts
     D:3: 727 daAuts
     D:4: 294 daAuts
